[Event "Team 45 45 League T40"]
[Site "Internet Chess Club"]
[Date "2009.02.01"]
[Round "1"]
[White "alastorx"]
[Black "RodJohnstone"]
[Result "1-0"]
[WhiteElo "1847"]
[BlackElo "1851"]
[Opening "Colle system"]
[ECO "D05"]
[Time "10:54:39"]
[TimeControl "2700+45"]

1. d4 d5 2. Nf3 Nf6 3. e3 e6 4. Bd3 c5 5. c3 Nc6 6. Nbd2 Bd6 7. O-O O-O 8. dxc5
Bxc5 9. Qe2 e5 10. e4 Bg4 11. exd5 Qxd5 12. Ne4 Nxe4 13. Bxe4 Qe6 14. Qb5 Bxf3
15. Bxf3 Bb6 16. Re1 Rfe8 17. Bg5 Qg6 18. Be3 Bxe3 19. Rxe3 e4 20. Bh5 Qh6 21.
Qxb7 Qxh5 22. Qxc6 Rad8 23. Rae1 f5 24. f3 Re7 25. fxe4 Rde8 26. e5 Qf7 27. e6
Qf8 28. b4 Rc8 29. Qd5 Qe8 30. Qxf5 {Black resigns} 1-0

[Event "Team 45 45 League T40"]
[Site "Internet Chess Club"]
[Date "2009.02.01"]
[Round "1"]
[White "johnnyperez"]
[Black "MRX"]
[Result "1-0"]
[WhiteElo "1544"]
[BlackElo "1704"]
[Opening "Sicilian"]
[ECO "B50"]
[Time "13:00:55"]
[TimeControl "2700+45"]

1. e4 c5 2. Nf3 d6 3. Nc3 Nc6 4. Bb5 Bd7 5. O-O Nf6 6. d4 cxd4 7. Nxd4 g6 8.
Nxc6 bxc6 9. Bd3 Bg7 10. Kh1 O-O 11. h3 Rb8 12. Rb1 Qc8 13. Qf3 Be6 14. Be3 a5
15. b3 Ng4 16. Bd2 Ne5 17. Qe2 Bxh3 18. Ba6 Qg4 19. f3 Qh5 20. gxh3 Qxh3+ 21.
Qh2 Qd7 22. Bh6 Rb6 23. Bxg7 Kxg7 24. Be2 d5 25. Qxe5+ f6 26. Qh2 d4 27. Na4
Rbb8 28. Nc5 Qc8 29. Bc4 Re8 30. Ne6+ Kh8 31. Qh6 Rg8 32. Rf2 g5 33. Rh2 {Black
resigns} 1-0

[Event "Team 45 45 League T40"]
[Site "Internet Chess Club"]
[Date "2009.02.01"]
[Round "1"]
[White "NFK"]
[Black "Ehab"]
[Result "0-1"]
[WhiteElo "1696"]
[BlackElo "1841"]
[Opening "Scandinavian: Pytel-Wade variation"]
[ECO "B01"]
[Time "14:00:32"]
[TimeControl "2700+45"]

1. e4 d5 2. exd5 Qxd5 3. Nc3 Qd6 4. d4 Nf6 5. Nf3 a6 6. g3 Bg4 7. Bg2 Nc6 8. d5
Nb4 9. Bf4 Qc5 10. Be3 Qa5 11. O-O O-O-O 12. Qd4 Bxf3 13. Bxf3 Nxc2 14. Qa7 Nxe3
15. fxe3 Qb6 16. Qxb6 cxb6 17. Rac1 Kb8 18. e4 e6 19. e5 Bc5+ 20. Kg2 Nxd5 21.
Nxd5 exd5 22. a3 a5 23. a4 Rhe8 24. Rfe1 Re7 25. Re2 d4 26. Rd1 Rde8 27. Bd5
Rxe5 28. Rxe5 Rxe5 29. Bxf7 Re2+ {White resigns} 0-1

[Event "Team 45 45 League T40"]
[Site "Internet Chess Club"]
[Date "2009.02.01"]
[Round "1"]
[White "Warpdrive"]
[Black "Egmont"]
[Result "0-1"]
[WhiteElo "1747"]
[BlackElo "1709"]
[Opening "Pirc defense"]
[ECO "B07"]
[Time "12:57:36"]
[TimeControl "2700+45"]

1. e4 d6 2. d4 Nf6 3. Nc3 g6 4. Be2 Bg7 5. Be3 Nc6 6. Qd2 e5 7. d5 Nb4 8. a3 Na6
9. O-O-O O-O 10. h4 Nc5 11. Bf3 h5 12. Nh3 Bg4 13. Bh6 Qe8 14. Bxg7 Kxg7 15. Ng5
a5 16. Bxg4 Nxg4 17. f3 Nf6 18. Kb1 b5 19. Ne2 b4 20. axb4 axb4 21. Qxb4 Ra4 22.
Qc3 Qb5 23. Ng3 Rfa8 24. b3 Ra3 25. Kc1 Nxb3+ {White resigns} 0-1

[Event "Team 45 45 League T40"]
[Site "Internet Chess Club"]
[Date "2009.02.02"]
[Round "1"]
[White "chess92192"]
[Black "cityprosecutor"]
[Result "1-0"]
[WhiteElo "1883"]
[BlackElo "1785"]
[Opening "Grünfeld: exchange, Seville variation"]
[ECO "D87"]
[Time "18:11:27"]
[TimeControl "2700+45"]

1. d4 Nf6 2. c4 g6 3. Nc3 d5 4. cxd5 Nxd5 5. e4 Nxc3 6. bxc3 c5 7. Bc4 Bg7 8.
Ne2 O-O 9. O-O Nc6 10. Be3 Bg4 11. f3 Na5 12. Bxf7+ Rxf7 13. fxg4 Qd7 14. Rxf7
Kxf7 15. h3 Rd8 16. Qf1+ Kg8 17. e5 Nc4 18. Qf3 Rf8 19. Qe4 b5 20. dxc5 Nxe5 21.
Nf4 Rc8 22. Bd4 Nc6 23. Qe6+ Qxe6 24. Nxe6 Nxd4 25. cxd4 Bh8 26. Rf1 h6 27. c6
a5 28. c7 b4 29. Rf8+ {Black resigns} 1-0

[Event "Team 45 45 League T40"]
[Site "Internet Chess Club"]
[Date "2009.01.31"]
[Round "1"]
[White "arrabi"]
[Black "Boro"]
[Result "0-1"]
[WhiteElo "1694"]
[BlackElo "1899"]
[Opening "Bishop's opening: Berlin defense"]
[ECO "C24"]
[Time "11:00:12"]
[TimeControl "2700+45"]

1. e4 e5 2. Bc4 Nf6 3. d3 Bc5 4. h3 d5 5. exd5 Nxd5 6. a3 O-O 7. Ne2 Be6 8. O-O
Nc6 9. c3 Qh4 10. Bxd5 Bxd5 11. Be3 Bd6 12. f3 Ne7 13. Bf2 Qg5 14. Nd2 f5 15. b4
b6 16. c4 Be6 17. h4 Qh6 18. g3 c5 19. b5 f4 20. g4 Qg6 21. Ne4 Bc7 22. h5 Qe8
23. Kg2 Rd8 24. Bh4 Bxc4 25. Nf2 Nd5 26. Qc1 Ne3+ 27. Kh3 Bxb5 28. Bxd8 Bxd8 29.
Rh1 Bd7 30. Kh2 Bc6 31. Ne4 Qd7 32. Qc3 Qe7 33. Kg1 Bc7 34. Kf2 Rd8 35. h6 g6
36. a4 a5 37. Rab1 Kh8 38. Qb3 Nd5 39. N2c3 Nb4 40. g5 Qd7 41. Rbd1 Qd4+ 42. Kg2
Nd5 43. Rhe1 Ne3+ 44. Rxe3 fxe3 45. Qf7 Qd7 46. Qf6+ Kg8 47. Nb5 Bxb5 48. axb5
Rf8 49. Qc6 Qxc6 50. bxc6 Rd8 51. Nf6+ Kh8 52. Nd7 Re8 53. Kf1 Re6 54. Ke2 Rxc6
55. Kxe3 Bd8 56. f4 exf4+ 57. Kxf4 Rd6 58. Ne5 Kg8 59. Nf3 Kf7 60. Re1 Re6 61.
Ne5+ Kg8 62. Re4 Bc7 63. Re2 Rxe5 64. Rxe5 Bxe5+ 65. Kxe5 a4 66. d4 cxd4 67.
Kxd4 a3 68. Kc3 a2 69. Kb2 a1=B+ 70. Kxa1 Kf7 71. Kb2 Ke6 72. Kb3 Kf5 {White
resigns} 0-1

[Event "Team 45 45 League T40"]
[Site "Internet Chess Club"]
[Date "2009.01.29"]
[Round "1"]
[White "superplayer"]
[Black "chess9793"]
[Result "1-0"]
[WhiteElo "1867"]
[BlackElo "1837"]
[Opening "Queen's pawn: Torre attack"]
[ECO "A46"]
[Time "23:00:11"]
[TimeControl "2700+45"]

1. d4 Nf6 2. Nf3 e6 3. Bg5 h6 4. Bxf6 Qxf6 5. e4 d6 6. c3 g6 7. Bd3 Bg7 8. O-O
O-O 9. Nbd2 Nc6 10. Nc4 Rd8 11. Qd2 e5 12. d5 Ne7 13. Ne1 g5 14. Ne3 Ng6 15. c4
Nf4 16. b4 Nxd3 17. Nxd3 b6 18. f3 Bb7 19. Nf5 c6 20. Nf2 cxd5 21. Ng4 Qe6 22.
cxd5 Qd7 23. Ngxh6+ Kh7 24. Qxg5 f6 25. Qxg7+ Qxg7 26. Nxg7 Kxg7 27. Nf5+ Kf7
28. Rac1 Rd7 29. Rc3 Kg6 30. Rfc1 Bxd5 31. a3 Bb7 32. Rc7 Rad8 33. Nxd6 Rxd6 34.
Rxb7 R8d7 35. Rcc7 Rxc7 36. Rxc7 a6 37. Ra7 b5 38. Kf2 Kg5 39. Kg3 Kh5 40. h4
Rc6 41. Kh3 Rd6 42. g4+ Kg6 43. Kg3 Kh6 44. h5 Rc6 45. Kh4 Rd6 46. g5+ fxg5+ 47.
Kg4 Rf6 48. Re7 Rf4+ 49. Kg3 Kxh5 50. Rxe5 Rf6 51. Rf5 Re6 52. f4 Rxe4 53. Rxg5+
Kh6 54. Kg4 Re1 55. Kf5 Ra1 56. Rg6+ Kh7 57. Rxa6 Rd1 58. Kf6 Ra1 59. f5 Rg1 60.
Ra7+ Kg8 61. Rb7 Rg3 62. Rxb5 Rxa3 63. Rb8+ Kh7 64. b5 Rb3 65. b6 Rb5 66. b7
Rb6+ 67. Kf7 Rb5 68. f6 Rb6 69. Ke7 Rb1 70. f7 Re1+ 71. Kf8 Rb1 72. Rd8 Rxb7 73.
Rd1 Rb8+ 74. Ke7 Rb7+ 75. Rd7 Rb1 76. f8=Q Rb6 77. Ke8+ Kg6 78. Rg7+ Kh5 79.
Qh8+ Rh6 80. Rh7 Rxh7 81. Qxh7+ Kg5 82. Qf7 Kg4 83. Qf6 Kg3 84. Qf5 Kg2 85. Qf4
Kg1 86. Qf3 Kh2 87. Qg4 Kh1 88. Ke7 Kh2 89. Kf6 Kh1 90. Kf5 Kh2 91. Kf4 Kh1 92.
Kf3 Kh2 93. Qg2# {Black checkmated} 1-0

[Event "Team 45 45 League T40"]
[Site "Internet Chess Club"]
[Date "2009.01.31"]
[Round "1"]
[White "byebyebadman"]
[Black "John3v16"]
[Result "0-1"]
[WhiteElo "1763"]
[BlackElo "1704"]
[Opening "Scandinavian defense"]
[ECO "B01"]
[Time "05:35:59"]
[TimeControl "2700+45"]

1. e4 d5 2. exd5 Nf6 3. Nf3 Nxd5 4. d4 Nc6 5. c4 Nb6 6. Nc3 Bg4 7. Be3 e6 8. a3
Be7 9. Be2 Bf6 10. Ne4 Bxf3 11. Nxf6+ Qxf6 12. Bxf3 Rd8 13. Bxc6+ bxc6 14. Qe2
O-O 15. O-O Rfe8 16. Rad1 Rb8 17. f4 Na4 18. Qf3 Nxb2 19. Rc1 Qe7 20. Bf2 Qd6
21. Rc2 Rb7 22. f5 exf5 23. Qxf5 Qe6 24. Qxe6 fxe6 25. Rb1 Reb8 26. Bg3 Na4 27.
Rxb7 Rxb7 28. Kf2 Rb3 29. Bxc7 Rxa3 30. Re2 Kf7 31. Bd6 Rb3 32. Ra2 Rb2+ 33.
Rxb2 Nxb2 34. c5 a5 35. Ke2 a4 36. Bf4 a3 37. Bc1 Nc4 38. Kd3 a2 {White resigns}
0-1

[Event "Team 45 45 League T40"]
[Site "Internet Chess Club"]
[Date "2009.02.01"]
[Round "1"]
[White "Zebbile"]
[Black "qs16"]
[Result "1-0"]
[WhiteElo "1942"]
[BlackElo "1809"]
[Opening "English: Caro-Kann defensive system"]
[ECO "A12"]
[Time "12:01:35"]
[TimeControl "2700+45"]

1. Nf3 d5 2. c4 c6 3. b3 Bf5 4. Bb2 e6 5. e3 Nf6 6. Be2 Be7 7. O-O Nbd7 8. Nh4
Bxb1 9. Rxb1 O-O 10. f4 Ne4 11. Nf3 Bf6 12. Ne5 Nxe5 13. fxe5 Bg5 14. Bd3 Qb6
15. Bxe4 dxe4 16. Qg4 Bh6 17. Qxe4 Rad8 18. d4 Qb4 19. Rbd1 a5 20. Rf3 a4 21.
Qc2 axb3 22. axb3 Ra8 23. Bc3 Qe7 24. Qd2 Rfd8 25. Bb4 Qh4 26. Rdf1 Qe4 27. Kh1
Rd7 28. Qf2 Qg6 29. e4 Qh5 30. d5 g5 31. dxe6 fxe6 32. Rf6 Re8 33. g4 Qh3 34.
Rf7 Rdd8 35. Qf6 Rd2 36. Bxd2 {Black resigns} 1-0

[Event "Team 45 45 League T40"]
[Site "Internet Chess Club"]
[Date "2009.02.01"]
[Round "1"]
[White "upsan"]
[Black "pishd"]
[Result "0-1"]
[WhiteElo "1837"]
[BlackElo "1873"]
[Opening "Caro-Kann: classical variation"]
[ECO "B18"]
[Time "10:03:19"]
[TimeControl "2700+45"]

1. e4 c6 2. d4 d5 3. Nc3 dxe4 4. Nxe4 Bf5 5. Ng3 Bg6 6. Bc4 e6 7. N1e2 Nf6 8.
Nf4 Bd6 9. c3 Qc7 10. Qf3 Nbd7 11. O-O Nb6 12. Bb3 O-O-O 13. a4 Nbd5 14. Nxd5
exd5 15. a5 a6 16. Bg5 h5 17. h4 Bxg3 18. Bxf6 Bh2+ 19. Kh1 gxf6 20. Qh3+ f5 21.
Qxh2 f4 22. Qh3+ Kb8 23. g3 Bd3 24. Rfd1 Be4+ 25. Kh2 fxg3+ 26. Qxg3 Rhg8 27.
Qxc7+ Kxc7 28. Rg1 Rg6 29. Rxg6 fxg6 30. Kg3 Rf8 31. Re1 Rf3+ 32. Kh2 Rxf2+ 33.
Kg1 Rg2+ 34. Kf1 Rg4 {White resigns} 0-1

[Event "Team 45 45 League T40"]
[Site "Internet Chess Club"]
[Date "2009.02.01"]
[Round "1"]
[White "Bill-W"]
[Black "rom1"]
[Result "1-0"]
[WhiteElo "1719"]
[BlackElo "1550"]
[Opening "Alekhine's defense: exchange variation"]
[ECO "B03"]
[Time "14:00:29"]
[TimeControl "2700+45"]

1. e4 Nf6 2. e5 Nd5 3. d4 d6 4. c4 Nb6 5. exd6 cxd6 6. Nc3 Nc6 7. Be3 g6 8. b3
Bg7 9. Rc1 O-O 10. d5 Ne5 11. Be2 a5 12. f4 Ned7 13. Nf3 Nc5 14. a4 Bf5 15. Nd4
Ne4 16. O-O Nxc3 17. Rxc3 Nd7 18. g4 Be4 19. Bf3 Nc5 20. Bxe4 Nxe4 21. Rc2 Qd7
22. Rg2 e5 23. Nb5 exf4 24. Bxf4 Be5 25. Bxe5 dxe5 26. Qf3 Ng5 27. Qe3 f6 28. h4
Nf7 29. Rxf6 Qe7 30. Rgf2 Kg7 31. Qe4 Nd6 32. Rxd6 Rxf2 33. Kxf2 Qxh4+ 34. Kg2
Qg5 35. Rd7+ Kg8 36. d6 Rf8 37. Qd5+ Kh8 38. Rf7 Qxg4+ 39. Kf2 Qh4+ 40. Ke3 Qg5+
41. Ke2 Qg4+ 42. Qf3 Qxf3+ 43. Rxf3 Kg7 44. Rxf8 Kxf8 45. Ke3 Kf7 46. Ke4 Ke6
47. c5 g5 48. Nc7+ Kd7 49. Nd5 Ke6 50. Nc7+ Kd7 51. Kxe5 h5 52. Ne6 g4 53. Ng5
h4 54. Kd5 g3 55. Nh3 g2 56. Ke5 Ke8 57. Ke6 Kd8 58. d7 Kc7 59. Ke7 {Black
resigns} 1-0

[Event "Team 45 45 League T40"]
[Site "Internet Chess Club"]
[Date "2009.02.02"]
[Round "1"]
[White "oldsj"]
[Black "jacknor"]
[Result "1-0"]
[WhiteElo "1617"]
[BlackElo "1676"]
[Opening "Sicilian: Hungarian variation"]
[ECO "B34"]
[Time "17:57:07"]
[TimeControl "2700+45"]

1. e4 c5 2. Nf3 g6 3. d4 cxd4 4. Nxd4 Bg7 5. Be3 Nf6 6. Nc3 Nc6 7. Qd2 O-O 8. f3
a6 9. O-O-O b5 10. Nxc6 Qe8 11. Nd4 Bb7 12. Bh6 d6 13. Bxg7 Kxg7 14. g4 Nd7 15.
h4 Nc5 16. g5 e6 17. h5 b4 18. Nce2 Qa4 19. Kb1 d5 20. e5 Nd7 21. hxg6 fxg6 22.
Nxe6+ {Black resigns} 1-0

[Event "Team 45 45 League T40"]
[Site "Internet Chess Club"]
[Date "2009.01.30"]
[Round "1"]
[White "Solfege"]
[Black "PandorasBox"]
[Result "0-1"]
[WhiteElo "2030"]
[BlackElo "2264"]
[Opening "English: Caro-Kann defensive system"]
[ECO "A11"]
[Time "17:00:59"]
[TimeControl "2700+45"]

1. c4 c6 2. Nc3 g6 3. e4 Bg7 4. d4 d6 5. Nf3 Nf6 6. Bd3 O-O 7. Bg5 c5 8. d5 h6
9. Bh4 Nbd7 10. O-O g5 11. Bg3 Nh5 12. a4 Nxg3 13. hxg3 a6 14. Qd2 Rb8 15. Kh2
Qa5 16. Rfc1 g4 17. Nh4 Ne5 18. b3 Bf6 19. Qc2 Kh8 20. Be2 Rg8 21. Nf5 Rg5 22.
Kg1 Bd7 23. Nxh6 Kg7 24. Nf5+ Bxf5 25. exf5 Rh8 26. Qe4 Rgh5 27. f4 gxf3 28.
Bxf3 Nxf3+ 29. Qxf3 Bxc3 30. Rxc3 Rh1+ 31. Kf2 Rxa1 32. Qe3 Kf8 33. g4 b5 34.
axb5 axb5 35. Kg3 bxc4 36. bxc4 Qb4 37. Rb3 Qe1+ 38. Qxe1 Rxe1 39. g5 Kg7 40.
Rf3 Re5 41. Kf4 Rh4+ 42. g4 Rh1 43. Rc3 Rf1+ 44. Kg3 Rfe1 45. Kf2 R1e4 46. Kf3
Rd4 {White resigns} 0-1

[Event "Team 45 45 League T40"]
[Site "Internet Chess Club"]
[Date "2009.02.01"]
[Round "1"]
[White "Despair"]
[Black "BadHabitMarco"]
[Result "0-1"]
[WhiteElo "1954"]
[BlackElo "2019"]
[Opening "Queen's pawn game"]
[ECO "A45"]
[Time "08:35:40"]
[TimeControl "2700+45"]

1. d4 Nf6 2. g3 g6 3. c3 Bg7 4. Bg2 O-O 5. e4 d6 6. Qb3 c5 7. e5 dxe5 8. dxe5
Ng4 9. Bxb7 Bxb7 10. Qxb7 Nc6 11. Qxc6 Nxe5 12. Qe4 Nd3+ 13. Kf1 Nxc1 14. Kg2
Rb8 15. Nf3 Nd3 16. b3 Nb4 17. a3 Nd5 18. Qc4 e6 19. Rc1 Qe7 20. Nbd2 Rfd8 21.
Ra2 Nb6 22. Qe2 a5 23. Rac2 Nd5 24. Kg1 Qb7 25. c4 Nf6 26. Qe3 Qc7 27. Re1 Rd6
28. a4 Rbd8 29. Ne4 Rd3 30. Nxf6+ Bxf6 31. Qe2 Rxb3 32. Rb2 Rxb2 {White resigns}
0-1

[Event "Team 45 45 League T40"]
[Site "Internet Chess Club"]
[Date "2009.02.05"]
[Round "1"]
[White "andy4226uk"]
[Black "matein7"]
[Result "1-0"]
[WhiteElo "1882"]
[BlackElo "1895"]
[Opening "Scandinavian defense"]
[ECO "B01"]
[Time "19:17:58"]
[TimeControl "2700+45"]

1. e4 d5 2. exd5 Nf6 3. Nc3 Nxd5 4. Bc4 Nb6 5. Bb3 Bf5 6. Nf3 e6 7. O-O Be7 8.
d3 Nc6 9. Bf4 Bg4 10. h3 Bh5 11. g4 Bg6 12. Nb5 Rc8 13. Re1 a6 14. Nc3 O-O 15.
Ne4 Na5 16. Neg5 Nxb3 17. axb3 Nd5 18. Bd2 Bf6 19. Qc1 h5 20. Ne5 Bxe5 21. Rxe5
hxg4 22. hxg4 Qd6 23. Qe1 Rfe8 24. Nh3 f6 25. Re2 e5 26. Kg2 c5 27. f3 Kf7 28.
Nf2 Rh8 29. Ne4 Qd7 30. Qg3 Nb4 31. Bxb4 cxb4 32. Ra4 Bxe4 33. fxe4 Qd6 34. Qe1
a5 35. Rxa5 Rh6 36. Qg3 Rch8 37. Rd5 Qe6 38. Rf2 Ke8 39. Rf5 Rh1 40. Rh5 R1xh5
41. gxh5 Rxh5 42. Qg6+ {Black resigns} 1-0

[Event "Team 45 45 League T40"]
[Site "Internet Chess Club"]
[Date "2009.01.30"]
[Round "1"]
[White "fishhead"]
[Black "Paulkov"]
[Result "1-0"]
[WhiteElo "1784"]
[BlackElo "1761"]
[Opening "KP: Nimzovich defense"]
[ECO "B00"]
[Time "19:32:00"]
[TimeControl "2700+45"]

1. e4 Nc6 2. d4 d6 3. f4 e5 4. dxe5 dxe5 5. Qxd8+ Kxd8 6. Nf3 Bd6 7. f5 Nf6 8.
Bg5 Bd7 9. Nc3 Bb4 10. O-O-O Bxc3 11. bxc3 Ke7 12. Bb5 Nb8 13. Bc4 b5 14. Bb3 a5
15. Nxe5 a4 16. Bxf7 Rf8 17. Bh5 Ra6 18. Nxd7 Nxd7 19. e5 h6 20. exf6+ gxf6 21.
Rhe1+ Kd8 22. Bf4 {Black resigns} 1-0

[Event "Team 45 45 League T40"]
[Site "Internet Chess Club"]
[Date "2009.02.01"]
[Round "1"]
[White "Fidius"]
[Black "alan"]
[Result "1-0"]
[WhiteElo "2106"]
[BlackElo "2124"]
[Opening "Robatsch (modern) defense"]
[ECO "B06"]
[Time "18:03:43"]
[TimeControl "2700+45"]

1. e4 g6 2. Nf3 Bg7 3. d4 c5 4. dxc5 Qa5+ 5. c3 Qxc5 6. Na3 Bxc3+ 7. bxc3 Qxc3+
8. Qd2 Qxa1 9. Nb5 Na6 10. Bc4 d5 11. exd5 Bg4 12. O-O Qg7 13. d6 Rd8 14. Bb2
Nf6 15. Qe3 e6 16. Qg5 Bxf3 17. Bxf6 h6 18. Qe5 Qf8 19. Bxh8 Bc6 20. Bf6 Kd7 21.
Bxd8 Qxd8 22. Nxa7 {Black resigns} 1-0

[Event "Team 45 45 League T40"]
[Site "Internet Chess Club"]
[Date "2009.01.30"]
[Round "1"]
[White "snottgoblin"]
[Black "WarrenW"]
[Result "0-1"]
[WhiteElo "2012"]
[BlackElo "2095"]
[Opening "Réti: King's Indian attack"]
[ECO "A05"]
[Time "21:30:25"]
[TimeControl "2700+45"]

1. Nf3 Nf6 2. g3 g6 3. Bg2 Bg7 4. c4 O-O 5. O-O c5 6. d4 cxd4 7. Nxd4 d5 8. cxd5
Nxd5 9. Nb5 a6 10. Bxd5 axb5 11. Qb3 Nc6 12. Rd1 Nd4 13. Rxd4 Bxd4 14. Bh6 Bg7
15. Bxg7 Kxg7 16. Nc3 e6 17. Bg2 Qb6 18. Rd1 Qc5 19. Nxb5 Ra6 20. e3 e5 21. Rd5
Qc6 22. Rd6 Be6 23. Rxc6 Bxb3 24. Rxa6 bxa6 25. Nc3 Be6 26. Kf1 Rb8 27. b3 Rc8
28. Na4 Rc1+ 29. Ke2 Rc2+ 30. Kf1 Rxa2 31. Nc5 Rb2 32. Nxe6+ fxe6 33. Bb7 a5 34.
h4 a4 35. Ke1 a3 {White resigns} 0-1

[Event "Team 45 45 League T40"]
[Site "Internet Chess Club"]
[Date "2009.02.01"]
[Round "1"]
[White "hewdondada"]
[Black "Holzschlange"]
[Result "0-1"]
[WhiteElo "1826"]
[BlackElo "1918"]
[Opening "Trompowsky attack (Ruth, Opocenský opening)"]
[ECO "A45"]
[Time "15:07:22"]
[TimeControl "2700+45"]

1. d4 Nf6 2. Bg5 e6 3. e4 h6 4. Bxf6 Qxf6 5. e5 Qd8 6. Bd3 d6 7. f4 Nd7 8. Nf3
c5 9. c3 Qc7 10. O-O Be7 11. exd6 Bxd6 12. Ne5 O-O 13. Nd2 cxd4 14. cxd4 Qb6 15.
Ndc4 Qxd4+ 16. Kh1 Bxe5 17. fxe5 Qh4 18. Qe2 Nc5 19. Qe3 Nxd3 20. Qxd3 Bd7 21.
Nd6 Bc6 22. b3 Qg5 23. Qe2 Rad8 24. Rf2 f6 25. Qc4 Qxe5 26. Nb5 {White resigns}
0-1

[Event "Team 45 45 League T40"]
[Site "Internet Chess Club"]
[Date "2009.01.29"]
[Round "1"]
[White "irock"]
[Black "RD1974"]
[Result "0-1"]
[WhiteElo "1622"]
[BlackElo "1594"]
[Opening "Scandinavian: Pytel-Wade variation"]
[ECO "B01"]
[Time "18:08:38"]
[TimeControl "2700+45"]

1. e4 d5 2. exd5 Qxd5 3. Nc3 Qd6 4. Nf3 Nf6 5. Bc4 a6 6. O-O e6 7. d4 b5 8. Bb3
Bb7 9. Ne5 c5 10. Qe2 c4 11. Bxc4 bxc4 12. Qxc4 Nc6 13. Nxc6 Bxc6 14. Bf4 Qd7
15. Rfe1 Be7 16. Rad1 Nd5 17. Nxd5 Bxd5 18. Qd3 Qc6 19. f3 O-O 20. b3 Bb4 21.
Re3 Rfc8 22. c4 Bxc4 23. bxc4 Qxc4 24. Qxc4 Rxc4 25. Rb3 a5 26. a3 Be7 27. Bg3
a4 28. Rbd3 Rc2 29. d5 Bc5+ 30. Kf1 exd5 31. Rxd5 h6 32. Rd8+ Rxd8 33. Rxd8+ Kh7
34. Rc8 Rc1+ 35. Ke2 Bxa3 36. Ra8 Rc2+ 37. Kd3 Rxg2 38. Rxa4 Bc5 39. Rc4 Bg1 40.
Rc2 Rxc2 41. Kxc2 g5 42. Kd3 f5 43. f4 g4 44. Kc4 h5 45. Kd5 h4 46. Bxh4 Bxh2
47. Ke5 Kg6 48. Kd4 Bxf4 49. Be1 g3 50. Kd3 Kg5 51. Ke2 Kg4 52. Kf1 Kf3 53. Bxg3
Kxg3 54. Ke2 Kg2 55. Ke1 Bg3+ 56. Ke2 f4 57. Kd2 f3 58. Ke3 f2 59. Ke2 f1=Q+ 60.
Ke3 Qf4+ 61. Kd3 Kf2 62. Kc3 Ke2 63. Kb3 Kd2 64. Kb2 Qb4+ 65. Ka2 Kc2 66. Ka1
Qb2# {White checkmated} 0-1

[Event "Team 45 45 League T40"]
[Site "Internet Chess Club"]
[Date "2009.02.01"]
[Round "1"]
[White "fledermaus"]
[Black "mickeys"]
[Result "1-0"]
[WhiteElo "2013"]
[BlackElo "1902"]
[Opening "QGA: 3.Nf3"]
[ECO "D21"]
[Time "16:11:24"]
[TimeControl "2700+45"]

1. d4 d5 2. c4 dxc4 3. Nf3 c6 4. e4 b5 5. a4 Nf6 6. e5 Nd5 7. axb5 cxb5 8. Nc3
b4 9. Ne4 Nb6 10. Qc2 Bf5 11. Nh4 e6 12. Nxf5 exf5 13. Ng5 g6 14. Bxc4 Nxc4 15.
Qxc4 Qd7 16. O-O Nc6 17. Nxf7 Nxd4 18. Nxh8 Rc8 19. e6 Nxe6 20. Qe2 Be7 21. Bh6
Nd4 22. Qe5 Nc6 23. Qe3 Rc7 24. Rad1 Qc8 25. Rfe1 Rd7 26. Qb3 Kd8 27. Nf7+ Kc7
28. Bf4+ Kb6 29. Ne5 Nxe5 30. Bxe5 a5 31. Qe6+ {Black resigns} 1-0

[Event "Team 45 45 League T40"]
[Site "Internet Chess Club"]
[Date "2009.02.01"]
[Round "1"]
[White "koni"]
[Black "ddlj81"]
[Result "1-0"]
[WhiteElo "1870"]
[BlackElo "1811"]
[Opening "QGD Slav: exchange variation"]
[ECO "D13"]
[Time "07:16:59"]
[TimeControl "2700+45"]

1. Nf3 d5 2. d4 Nf6 3. c4 c6 4. cxd5 cxd5 5. Nc3 Nc6 6. Bf4 a6 7. Qc2 Bg4 8. Ne5
Nxd4 9. Qa4+ Nc6 10. Nxc6 bxc6 11. Qxc6+ Bd7 12. Qc7 Qxc7 13. Bxc7 e6 14. e3 Bb4
15. Be5 O-O 16. Be2 Ne4 17. a3 Bxc3+ 18. Bxc3 Rfc8 19. Rc1 Bb5 20. f3 Nxc3 21.
bxc3 Ra7 22. Bd1 e5 23. Kd2 Rac7 24. Bb3 d4 25. cxd4 exd4 26. exd4 Rxc1 27. Rxc1
Re8 28. Re1 Rd8 29. Kc3 a5 30. Re5 Bf1 31. g3 Kf8 32. Rxa5 Bg2 33. Ra7 f6 34.
Rf7+ Ke8 35. Rxg7 Rd6 36. f4 Be4 37. Rc7 Kd8 38. Rc5 f5 39. a4 Rh6 40. Kb4 Rxh2
41. Rc3 Rd2 42. Kc5 Rh2 43. Kd6 Rh6+ 44. Ke5 Ra6 45. Rc5 Rg6 46. Rc3 Ra6 47. g4
Ra5+ 48. Rc5 Rxc5+ 49. dxc5 fxg4 50. Kxe4 h5 51. Bd1 g3 52. Bf3 h4 53. Bg2 Kc7
54. Kf5 {Black resigns} 1-0

[Event "Team 45 45 League T40"]
[Site "Internet Chess Club"]
[Date "2009.01.29"]
[Round "1"]
[White "sacsac-mate"]
[Black "nardz"]
[Result "1-0"]
[WhiteElo "2236"]
[BlackElo "2065"]
[Opening "Queen's pawn game"]
[ECO "D04"]
[Time "20:57:56"]
[TimeControl "2700+45"]

1. d4 d5 2. Nf3 Nf6 3. e3 c5 4. b3 cxd4 5. exd4 Nc6 6. Bd3 Bg4 7. Bb2 e6 8. Nbd2
Bd6 9. a3 O-O 10. O-O a5 11. c4 Bf4 12. h3 Bh5 13. g4 Bg6 14. Bxg6 hxg6 15. Qe2
a4 16. bxa4 dxc4 17. Qxc4 Nd5 18. Qb5 Bxd2 19. Nxd2 Qh4 20. Qb3 Nf4 21. Kh2 g5
22. Ne4 Ne7 23. Nc5 Ned5 24. Bc1 Rfc8 25. Bxf4 Nxf4 26. Qg3 Qh6 27. Rfb1 e5 28.
Rxb7 exd4 29. Rb5 Qc6 30. Nd3 Qe4 31. Nxf4 gxf4 32. Qb3 Qe2 33. Ra2 Qf1 34. Rf5
Ra7 35. Qd5 Qc4 36. a5 Qc7 37. Qxd4 Rxa5 38. Rxa5 Qxa5 39. Qxf4 Rd8 40. h4 Qe1
41. Qf5 Rd1 42. h5 Qg1+ 43. Kh3 Qh1+ 44. Kg3 Qg1+ 45. Kf3 Qh2 46. Qc8+ {Black
resigns} 1-0

[Event "Team 45 45 League T40"]
[Site "Internet Chess Club"]
[Date "2009.02.01"]
[Round "1"]
[White "QueensCounselor"]
[Black "bigcol"]
[Result "1-0"]
[WhiteElo "1976"]
[BlackElo "1918"]
[Opening "Latvian counter-gambit"]
[ECO "C40"]
[Time "10:00:19"]
[TimeControl "2700+45"]

1. e4 e5 2. Nf3 f5 3. Nxe5 Qf6 4. Nc4 fxe4 5. Nc3 Qg6 6. d4 Nf6 7. Ne5 Qf5 8. g4
Qe6 9. g5 d6 10. Bc4 d5 11. gxf6 dxc4 12. Qh5+ g6 13. Nxg6 hxg6 14. Qxh8 Nd7 15.
Bg5 b6 16. Qh7 Qf5 17. f7+ Qxf7 18. Qxf7+ Kxf7 19. Nxe4 Bb7 20. f3 Re8 21. O-O-O
Bxe4 22. fxe4 Rxe4 23. Rdf1+ Kg7 24. c3 Bd6 25. Rf2 Rg4 26. h4 c5 27. Rhf1 Nf8
28. dxc5 Bxc5 29. Rf7+ Kg8 30. Rxa7 Ne6 31. Ra8+ Kg7 32. Bf6+ Kf7 33. Bd4+ Ke7
34. Bxc5+ Nxc5 35. Rb8 Rxh4 36. Rxb6 Nd3+ 37. Kb1 g5 38. Rg1 g4 39. a4 Kd7 40.
Ka2 Kc7 41. Rb5 Kc6 42. Ka3 Nc5 43. Rb4 Kd5 44. Rf1 Rh5 45. Rd1+ Kc6 {Black
resigns} 1-0

[Event "Team 45 45 League T40"]
[Site "Internet Chess Club"]
[Date "2009.01.31"]
[Round "1"]
[White "coffeebreak"]
[Black "The7thGuest"]
[Result "0-1"]
[WhiteElo "1707"]
[BlackElo "2072"]
[Opening "Queen's pawn game"]
[ECO "A46"]
[Time "08:00:57"]
[TimeControl "2700+45"]

1. d4 Nf6 2. Nf3 c5 3. e3 g6 4. c4 Bg7 5. Nc3 cxd4 6. exd4 d5 7. Bg5 dxc4 8.
Bxc4 O-O 9. O-O Bg4 10. d5 Nbd7 11. Re1 Nb6 12. Bb3 Rc8 13. h3 Bd7 14. Qd2 Re8
15. Bh6 Nc4 16. Bxg7 Nxd2 17. Bh6 Nxf3+ 18. gxf3 Bxh3 19. Rad1 Bf5 20. d6 exd6
21. Nb5 Qa5 22. Rxe8+ Nxe8 23. Nc3 Rxc3 24. bxc3 Qxc3 25. Kg2 Bh3+ 26. Kg3 Be6
27. Ba4 b5 28. Bxb5 Qe5+ {White resigns} 0-1